TOP OF THE 1ST |
Harrisburg Senators batting - Pitching for San Antonio Missions : LHP Kurt Sutton
|
Pitching: LHP Kurt Sutton
|
|
Batting: SHB Dan Castaneda
|
0-0: Called Strike 0-1: Called Strike 0-2: Strikes out swinging
|
Batting: RHB Ryan Hiemer
|
0-0: Ball 1-0: Ball 2-0: Foul Ball, location: 2F 2-1: DOUBLE (Line Drive, 9LM, EV 96.9 MPH)
|
Batting: RHB Kevin Whitenack
|
0-0: Swinging Strike 0-1: SINGLE (Line Drive, 6M, EV 98.8 MPH) Ryan Hiemer to third
|
Batting: RHB Deshawn Boseman
|
0-0: Ball Kevin Whitenack is caught stealing 2nd base 2-4 1-0: Ball 2-0: Called Strike 2-1: DOUBLE (Flyball, 8RXD, EV 105.6 MPH) Ryan Hiemer scores
|
Batting: RHB Ben Welt
|
0-0: Ball 1-0: Foul Ball, location: 2F 1-1: Foul Ball, location: 2F 1-2: Strikes out swinging
|
Top of the 1st over - 1 run, 3 hits, 0 errors, 1 left on base; Harrisburg 1 - San Antonio 0 |
BOTTOM OF THE 1ST |
San Antonio Missions batting - Pitching for Harrisburg Senators : RHP Sam Wood
|
Pitching: RHP Sam Wood
|
|
Batting: RHB Luwen Storm
|
0-0: Ground out 5-3 (Groundball, 15, EV 93.8 MPH)
|
Batting: LHB Frank McConnell
|
0-0: Foul Ball, location: 2F 0-1: Reached on error, E9 (Flyball, 9LS, EV 78.8 MPH)
|
Batting: LHB Ben Antal
|
0-0: Ball Frank McConnell is caught stealing 2nd base 2-6 1-0: Ball 2-0: Fly out, F8 (Flyball, 8RXD, EV 100.0 MPH)
|
Bottom of the 1st over - 0 runs, 0 hits, 1 error, 0 left on base; Harrisburg 1 - San Antonio 0 |
TOP OF THE 2ND |
Harrisburg Senators batting - Pitching for San Antonio Missions : LHP Kurt Sutton
|
Batting: RHB John McNeill
|
0-0: Called Strike 0-1: Ball 1-1: Ball 2-1: Ball 3-1: Foul Ball, location: 2F 3-2: Foul Ball, location: 2F 3-2: Foul Ball, location: 2F 3-2: DOUBLE (Flyball, 8LD, EV 107.5 MPH)
|
Batting: RHB Justin Slifka
|
0-0: Foul Ball, location: 2F 0-1: Ball 1-1: Called Strike 1-2: Ball 2-2: Strikes out swinging
|
Batting: RHB Josh Lykins
|
0-0: Foul Ball, location: 2F 0-1: SINGLE (Flyball, 3D, EV 91.9 MPH) John McNeill to third Runner from 3rd tries for Home, SAFE, throw by RF to home
|
Batting: RHB Travis Stanley
|
0-0: Ball 1-0: Ball 2-0: Called Strike 2-1: Swinging Strike 2-2: Strikes out swinging
|
Batting: SHB Dan Castaneda
|
0-0: Foul Ball, location: 2F 0-1: Ball 1-1: Swinging Strike 1-2: Fly out, F7 (Flyball, 78M, EV 94.4 MPH)
|
Top of the 2nd over - 1 run, 2 hits, 0 errors, 1 left on base; Harrisburg 2 - San Antonio 0 |
BOTTOM OF THE 2ND |
San Antonio Missions batting - Pitching for Harrisburg Senators : RHP Sam Wood
|
Batting: RHB John Shaffer
|
0-0: SINGLE (Groundball, 6MD, EV 100.0 MPH)
|
Batting: LHB Javy Portela
|
0-0: Called Strike 0-1: Ball Wild Pitch! John Shaffer to second 1-1: Ball 2-1: Fly out, F8 (Flyball, 8LD, EV 106.9 MPH) Runner from 2nd tags up, SAFE at 3rd with throw by CF
|
Batting: SHB Curtis Thompson
|
0-0: Fly out, F8 (Line Drive, 8RM, EV 87.5 MPH)
|
Batting: LHB Josh Slusarczyk
|
0-0: Called Strike 0-1: Ball 1-1: Foul Ball, location: 2F 1-2: Ball 2-2: Strikes out swinging
|
Bottom of the 2nd over - 0 runs, 1 hit, 0 errors, 1 left on base; Harrisburg 2 - San Antonio 0 |
TOP OF THE 3RD |
Harrisburg Senators batting - Pitching for San Antonio Missions : LHP Kurt Sutton
|
Batting: RHB Ryan Hiemer
|
0-0: Foul Ball, location: 2F 0-1: Ball 1-1: Fly out, F8 (Line Drive, 8RD, EV 86.2 MPH)
|
Batting: RHB Kevin Whitenack
|
0-0: Called Strike 0-1: Ground out 5-3 (Groundball, 56, EV 101.9 MPH)
|
Batting: RHB Deshawn Boseman
|
0-0: Ground out U3 (Groundball, 34S, EV 74.4 MPH)
|
Top of the 3rd over - 0 runs, 0 hits, 0 errors, 0 left on base; Harrisburg 2 - San Antonio 0 |
BOTTOM OF THE 3RD |
San Antonio Missions batting - Pitching for Harrisburg Senators : RHP Sam Wood
|
Batting: RHB Joe Weissman
|
0-0: Foul Ball, location: 2F 0-1: Foul Ball, location: 2F 0-2: SINGLE (Groundball, 6MD, EV 102.5 MPH)
|
Batting: LHB Bobby Adams
|
0-0: Foul Ball, location: 2F 0-1: Called Strike 0-2: Ball 1-2: Strikes out looking
|
Batting: RHB Luwen Storm
|
0-0: Called Strike 0-1: Ball 1-1: Ball 2-1: Ball 3-1: Swinging Strike 3-2: Foul Ball, location: 2F 3-2: Reached on error, E6 (Groundball, 6, EV 105.6 MPH) Joe Weissman to second
|
Batting: LHB Frank McConnell
|
0-0: Called Strike 0-1: Ball 1-1: DOUBLE (Line Drive, 9LS, EV 100.6 MPH) Joe Weissman scores Luwen Storm to third Runner from 3rd tries for Home, SAFE, no throw by RF
|
Batting: LHB Ben Antal
|
0-0: Called Strike 0-1: Ball 1-1: Swinging Strike 1-2: Foul Ball, location: 2F 1-2: Ball 2-2: Foul Ball, location: 2F 2-2: SINGLE (Groundball, 6D, EV 101.9 MPH) Frank McConnell to third Runner from 3rd tries for Home, SAFE, throw by CF to home
|
Batting: RHB John Shaffer
|
0-0: Called Strike 0-1: Ball Passed Ball! Ben Antal to second 1-1: Fly out, F8 (Flyball, 8LXD, EV 91.2 MPH) Runner from 2nd tags up, SAFE at 3rd, no throw by CF
|
Batting: LHB Javy Portela
|
0-0: Ground out 4-3 (Groundball, 4, EV 103.8 MPH)
|
Bottom of the 3rd over - 3 runs, 3 hits, 1 error, 1 left on base; Harrisburg 2 - San Antonio 3 |
TOP OF THE 4TH |
Harrisburg Senators batting - Pitching for San Antonio Missions : LHP Kurt Sutton
|
Batting: RHB Ben Welt
|
0-0: Ball 1-0: Fly out, F9 (Line Drive, 9D, EV 103.1 MPH)
|
Batting: RHB John McNeill
|
0-0: Called Strike 0-1: Ground out 5-3 (Groundball, 5, EV 108.1 MPH)
|
Batting: RHB Justin Slifka
|
0-0: Ball 1-0: SINGLE (Groundball, 6MD, EV 100.6 MPH)
|
Batting: RHB Josh Lykins
|
0-0: Called Strike 0-1: Foul Ball, location: 2F 0-2: Ball 1-2: Ball 2-2: Strikes out looking
|
Top of the 4th over - 0 runs, 1 hit, 0 errors, 1 left on base; Harrisburg 2 - San Antonio 3 |
BOTTOM OF THE 4TH |
San Antonio Missions batting - Pitching for Harrisburg Senators : RHP Sam Wood
|
Batting: SHB Curtis Thompson
|
0-0: Ball 1-0: Ball 2-0: Ball 3-0: Base on Balls
|
Batting: LHB Josh Slusarczyk
|
0-0: Foul Ball, location: 2F 0-1: Ball 1-1: SINGLE (Groundball, 4MD, EV 105.6 MPH) Curtis Thompson to second
|
Batting: RHB Joe Weissman
|
0-0: Ball 1-0: Ball 2-0: Foul Ball, location: 2F 2-1: Ball 3-1: Base on Balls Curtis Thompson to third Josh Slusarczyk to second
|
Batting: LHB Bobby Adams
|
0-0: Grounds into double play, 6-4-3 (Groundball, 6, EV 79.4 MPH) Curtis Thompson scores Josh Slusarczyk to third
|
Batting: RHB Luwen Storm
|
0-0: Called Strike 0-1: Called Strike 0-2: Ball 1-2: Ball 2-2: Ball 3-2: Base on Balls
|
Batting: LHB Frank McConnell
|
0-0: Ball 1-0: Ball 2-0: SINGLE (Groundball, 34D, EV 97.5 MPH) Josh Slusarczyk scores Luwen Storm to second Runner from 2nd tries for 3rd, SAFE, throw by RF made to third
|
Pitching: LHP Kyle Bachman
|
|
Batting: LHB Ben Antal
|
0-0: Ball 1-0: Ground out U3 (Groundball, 34S, EV 78.1 MPH)
|
Bottom of the 4th over - 2 runs, 2 hits, 0 errors, 2 left on base; Harrisburg 2 - San Antonio 5 |
TOP OF THE 5TH |
Harrisburg Senators batting - Pitching for San Antonio Missions : LHP Kurt Sutton
|
Batting: RHB Travis Stanley
|
0-0: Fly out, F8 (Line Drive, 8LM, EV 105.6 MPH)
|
Batting: SHB Dan Castaneda
|
0-0: Ball 1-0: Ground out 6-3 (Groundball, 6MD, EV 91.9 MPH)
|
Batting: RHB Ryan Hiemer
|
0-0: Ball 1-0: Swinging Strike 1-1: Ball 2-1: Foul Ball, location: 2F 2-2: SINGLE (Groundball, 6MD, EV 102.5 MPH)
|
Batting: RHB Kevin Whitenack
|
0-0: Foul Ball, location: 2F 0-1: Fly out, F6 (Line Drive, 6, EV 68.8 MPH)
|
Top of the 5th over - 0 runs, 1 hit, 0 errors, 1 left on base; Harrisburg 2 - San Antonio 5 |
BOTTOM OF THE 5TH |
San Antonio Missions batting - Pitching for Harrisburg Senators : LHP Kyle Bachman
|
Batting: RHB John Shaffer
|
0-0: Ball 1-0: Foul Ball, location: 2F 1-1: Swinging Strike 1-2: Foul Ball, location: 2F 1-2: Ball 2-2: Ball 3-2: Strikes out swinging
|
Batting: LHB Javy Portela
|
0-0: Ball 1-0: Ball 2-0: SOLO HOME RUN (Flyball, 9D, EV 101.2 MPH), Distance : 369 ft
|
Batting: SHB Curtis Thompson
|
0-0: Ball 1-0: Foul Ball, location: 2F 1-1: Swinging Strike 1-2: Ground out 1-3 (Groundball, P, EV 72.5 MPH)
|
Batting: LHB Josh Slusarczyk
|
0-0: Ball 1-0: Ball 2-0: Foul Ball, location: 2F 2-1: Ball 3-1: Foul Ball, location: 2F 3-2: SINGLE (Groundball, 4D, EV 103.8 MPH)
|
Batting: RHB Joe Weissman
|
0-0: Fly out, F8 (Flyball, 8RM, EV 93.8 MPH)
|
Bottom of the 5th over - 1 run, 2 hits, 0 errors, 1 left on base; Harrisburg 2 - San Antonio 6 |
TOP OF THE 6TH |
Harrisburg Senators batting - Pitching for San Antonio Missions : LHP Kurt Sutton
|
Batting: RHB Deshawn Boseman
|
0-0: Ball 1-0: Ball 2-0: Fly out, F8 (Flyball, 8RD, EV 99.4 MPH)
|
Batting: RHB Ben Welt
|
0-0: Ball 1-0: Ball 2-0: Called Strike 2-1: Foul Ball, location: 2F 2-2: Ball 3-2: Foul Ball, location: 2F 3-2: Foul Ball, location: 2F 3-2: Foul Ball, location: 2F 3-2: Base on Balls
|
Batting: RHB John McNeill
|
0-0: Called Strike 0-1: Called Strike 0-2: Fielders Choice at 2nd, 3-6 (Groundball, 34, EV 88.1 MPH)
|
Batting: RHB Justin Slifka
|
0-0: Called Strike 0-1: Swinging Strike 0-2: Ball 1-2: Strikes out looking
|
Top of the 6th over - 0 runs, 0 hits, 0 errors, 1 left on base; Harrisburg 2 - San Antonio 6 |
BOTTOM OF THE 6TH |
San Antonio Missions batting - Pitching for Harrisburg Senators : LHP Kyle Bachman
|
Batting: LHB Bobby Adams
|
0-0: Ball 1-0: Called Strike 1-1: Ground out U3 (Groundball, 34, EV 76.2 MPH)
|
Batting: RHB Luwen Storm
|
0-0: Ball 1-0: Fly out, F7 (Flyball, 7LS, EV 85.6 MPH)
|
Batting: LHB Frank McConnell
|
0-0: Ball 1-0: Ball 2-0: Ball 3-0: Base on Balls
|
Pitching: LHP Mike Alcaraz
|
|
Batting: LHB Ben Antal
|
0-0: Ball 1-0: Foul Ball, location: 2F 1-1: Ball 2-1: Foul Ball, location: 2F 2-2: Fielders Choice at 2nd, 5-6 (Groundball, 5, EV 97.5 MPH)
|
Bottom of the 6th over - 0 runs, 0 hits, 0 errors, 1 left on base; Harrisburg 2 - San Antonio 6 |
TOP OF THE 7TH |
Harrisburg Senators batting - Pitching for San Antonio Missions : LHP Kurt Sutton
|
Pitching: RHP John Pena
|
|
Batting: RHB Josh Lykins
|
0-0: Fly out, F8 (Flyball, 8RD, EV 95.0 MPH)
|
Batting: RHB Travis Stanley
|
0-0: Swinging Strike 0-1: Fly out, F8 (Flyball, 8RXD, EV 105.6 MPH)
|
Batting: SHB Dan Castaneda
|
0-0: Ground out 4-3 (Groundball, 4M, EV 101.9 MPH)
|
Top of the 7th over - 0 runs, 0 hits, 0 errors, 0 left on base; Harrisburg 2 - San Antonio 6 |
BOTTOM OF THE 7TH |
San Antonio Missions batting - Pitching for Harrisburg Senators : LHP Mike Alcaraz
|
Batting: RHB John Shaffer
|
0-0: Ground out 5-3 (Groundball, 5L, EV 81.2 MPH)
|
Batting: LHB Javy Portela
|
0-0: Ball 1-0: Ball 2-0: Called Strike 2-1: Foul Ball, location: 2F 2-2: Reached via error on a dropped throw from 1B, E1 (Groundball, 34S, EV 83.1 MPH)
|
Batting: SHB Curtis Thompson
|
0-0: Foul Ball, location: 2F 0-1: Swinging Strike 0-2: Ball 1-2: Strikes out swinging
|
Batting: LHB Josh Slusarczyk
|
0-0: Ball 1-0: Ball 2-0: Called Strike 2-1: Foul Ball, location: 2F 2-2: Ball 3-2: Fly out, F5 (Popup, 15, EV 71.9 MPH)
|
Bottom of the 7th over - 0 runs, 0 hits, 1 error, 1 left on base; Harrisburg 2 - San Antonio 6 |
TOP OF THE 8TH |
Harrisburg Senators batting - Pitching for San Antonio Missions : RHP John Pena
|
Batting: RHB Ryan Hiemer
|
0-0: Ball 1-0: Called Strike 1-1: Foul Ball, location: 2F 1-2: Ground out 6-3 (Groundball, 6, EV 97.5 MPH)
|
Batting: RHB Kevin Whitenack
|
0-0: DOUBLE (Flyball, 78D, EV 90.6 MPH)
|
Batting: RHB Deshawn Boseman
|
0-0: Ground out 6-3 (Groundball, 6S, EV 83.1 MPH) Kevin Whitenack to third
|
Batting: RHB Ben Welt
|
0-0: Swinging Strike 0-1: Ball 1-1: Called Strike 1-2: Ball 2-2: 2-RUN HOME RUN (Flyball, 78XD, EV 99.4 MPH), Distance : 387 ft
|
Batting: RHB John McNeill
|
0-0: Ball 1-0: Ground out 6-3 (Groundball, 56D, EV 100.0 MPH)
|
Top of the 8th over - 2 runs, 2 hits, 0 errors, 0 left on base; Harrisburg 4 - San Antonio 6 |
BOTTOM OF THE 8TH |
San Antonio Missions batting - Pitching for Harrisburg Senators : LHP Mike Alcaraz
|
Pitching: RHP Alpha Miller
|
|
Batting: RHB Joe Weissman
|
0-0: Ball 1-0: Foul Ball, location: 2F 1-1: Ball 2-1: SINGLE (Groundball, 6MD, EV 94.4 MPH)
|
Batting: LHB Bobby Adams
|
0-0: Called Strike 0-1: DOUBLE (Line Drive, 78D, EV 106.9 MPH) Joe Weissman to third
|
Batting: RHB Luwen Storm
|
0-0: Foul Ball, location: 2F 0-1: Ball 1-1: Ground out 4-3 (Groundball, 4M, EV 102.5 MPH)
|
Batting: LHB Frank McConnell
|
0-0: Intentional Walk
|
Batting: LHB Ben Antal
|
0-0: Called Strike 0-1: Grounds into fielders choice 3-2 (Groundball, 3, EV 108.1 MPH) Bobby Adams to third Frank McConnell to second
|
Batting: RHB John Shaffer
|
0-0: Ball 1-0: Fly out, F9 (Flyball, 9LM, EV 98.8 MPH)
|
Bottom of the 8th over - 0 runs, 2 hits, 0 errors, 3 left on base; Harrisburg 4 - San Antonio 6 |
TOP OF THE 9TH |
Harrisburg Senators batting - Pitching for San Antonio Missions : RHP John Pena
|
Pitching: RHP Jon Hoke
|
|
Now at 1B: Bobby Adams
|
|
Now in CF: Scott Schwartz
|
|
Batting: RHB Justin Slifka
|
0-0: Ball 1-0: Foul Ball, location: 2F 1-1: Ball 2-1: Fly out, F7 (Flyball, 78M, EV 90.0 MPH)
|
Pinch Hitting: LHB Nate Melendez
|
0-0: Ball 1-0: Foul Ball, location: 2F 1-1: Ball 2-1: Ground out U3 (Groundball, 3, EV 100.0 MPH)
|
Batting: RHB Travis Stanley
|
0-0: Ball 1-0: Foul Ball, location: 2F 1-1: Ball 2-1: Ball 3-1: Ground out 6-3 (Groundball, 6, EV 106.9 MPH)
|
Top of the 9th over - 0 runs, 0 hits, 0 errors, 0 left on base; Harrisburg 4 - San Antonio 6 |
|